 Dungeon Crawl Stone Soup version 0.29.1-12-g30fa7ad0bf (webtiles) character file.

Game seed: 4867532038087464323

221 sneakypete the Chopper (level 5, -1/54 HPs)
             Began as an Ogre Gladiator on Jan 13, 2023.
             Was a Believer of Dithmenos.
             Slain by javelincjr's ghost (5 damage)
             ... on level 3 of the Dungeon.
             The game lasted 00:15:56 (3050 turns).

sneakypete the Chopper (Ogre Gladiator)             Turns: 3050, Time: 00:16:09

Health: -1/54      AC:  3    Str: 20    XL:     5   Next: 98%
Magic:  5/5        EV: 10    Int:  9    God:    Dithmenos [**....]
Gold:   127        SH:  5    Dex: 10    Spells: 4/4 levels left

rFire   . . .      SeeInvis .   a - +0 war axe
rCold   . . .      Faith    .   (no shield)
rNeg    . . .      Spirit   .   b - +0 robe
rPois   .          Reflect  +   c - +0 hat
rElec   .          Harm     .   (no cloak)
rCorr   .          Rampage  .   (gloves unavailable)
Will    .....                   (boots unavailable)
Stlth   +.........              k - amulet of reflection
HPRegen 0.18/turn               (no ring)
MPRegen 0.09/turn               (no ring)

@: wreathed by umbra
A: large, unfitting armour, tough skin 1
a: Renounce Religion, Shadow Step


You were on level 3 of the Dungeon.
You worshipped Dithmenos.
Dithmenos was pleased with you.
You visited 1 branch of the dungeon, and saw 3 of its levels.

You collected 127 gold pieces.

Inventory:

Hand Weapons
 a - a +0 war axe (weapon)
Missiles
 d - 3 throwing nets (quivered)
 e - a large rock
Armour
 b - a +0 robe (worn)
 c - a +0 hat (worn)
Jewellery
 k - an amulet of reflection (around neck)
Scrolls
 f - a scroll of butterflies {unknown}
 g - 4 scrolls of identify {unknown}
 m - a scroll of enchant weapon {unknown}
 n - 3 scrolls of teleportation {unknown}
 s - a scroll of immolation {unknown}
Potions
 i - 2 potions of magic {unknown}
 j - 2 potions of lignification {unknown}
 l - a potion of brilliance {unknown}
 o - 2 potions of degeneration {unknown}
 p - a potion of invisibility {unknown}
 q - a potion of haste
 r - a potion of attraction {unknown}


   Skills:
 + Level 3.9 Fighting
 + Level 5.1 Axes
 + Level 2.0 Throwing
 + Level 3.6 Dodging
 + Level 0.3 Stealth
 + Level 0.8 Shields


You had 4 spell levels left.
You didn't know any spells.
Your spell library contained the following spells:

 Spells                   Type           Power      Damage    Failure   Level
 Sublimation of Blood     Necr           0%         N/A       52%         2
 Dazzling Flash           Conj/Hex       0%         N/A       77%         3
 Iskenderun's Mystic Bla  Conj/Tloc      0%         2d3       99%         4
 Petrify                  Tmut/Erth      0%         N/A       99%         4
 Irradiate                Conj/Tmut      0%         3d11      100%        5
 Starburst                Conj/Fire      0%         6d3       100%        6


Dungeon Overview and Level Annotations

Branches:
Dungeon (3/15)

Altars:
Dithmenos
Xom

Shops:
D:3 !

Annotations:
D:3 javelincjr's ghost, amateur DsGl


Innate Abilities, Weirdness & Mutations

You are too large for most types of armour.
You have tough skin. (AC +1)


Message History

Javelincjr's ghost hits you.
You barely miss javelincjr's ghost. Javelincjr's ghost hits you.
You hit javelincjr's ghost but do no damage.
Javelincjr's ghost hits you!
You hit javelincjr's ghost but do no damage.
Javelincjr's ghost hits you!
* * * LOW HITPOINT WARNING * * *
Javelincjr's ghost barely misses you.
It was a potion of heal wounds.
You feel much better. Javelincjr's ghost hits you!
You completely miss javelincjr's ghost. You block javelincjr's ghost's attack.
You closely miss javelincjr's ghost. Javelincjr's ghost hits you!
You closely miss javelincjr's ghost.
You punch javelincjr's ghost, but do no damage.
Javelincjr's ghost hits you!
* * * LOW HITPOINT WARNING * * *
You completely miss javelincjr's ghost. Javelincjr's ghost hits you.
* * * LOW HITPOINT WARNING * * *
Javelincjr's ghost hits you.
* * * LOW HITPOINT WARNING * * *
You feel much better. Javelincjr's ghost misses you.
You barely miss javelincjr's ghost. Javelincjr's ghost hits you!
You slash javelincjr's ghost!
Javelincjr's ghost is moderately damaged.
You hit the river rat.
Javelincjr's ghost hits you but does no damage.
You closely miss javelincjr's ghost.
Javelincjr's ghost is moderately damaged.
You closely miss the river rat. You hit the rat.
You kill the rat!
Dithmenos accepts your kill. The river rat bites you.
Javelincjr's ghost closely misses you.
You hit javelincjr's ghost but do no damage.
Javelincjr's ghost is moderately damaged.
You hit the river rat but do no damage. The river rat bites you!
* * * LOW HITPOINT WARNING * * *
You block javelincjr's ghost's attack. The river rat bites you!
* * * LOW HITPOINT WARNING * * *
Javelincjr's ghost hits you.
You die...

#.............####
#................. ###
#...P..†...P...... #..
#............##########
#.#
###...P..P.............
# ##........##......###
# #.........+...#######
# ##.##....##.r†#~~~~~~
.. #.......##.@W†~~~~!~
.. ####....##...#~~~~~~
# #....##...#######
.#+###..... #.##### #
#+ # # # #


You could see javelincjr's ghost and a river rat.

Vanquished Creatures
  3 crimson imps (D:3)
  An orc priest (D:3)
  An adder (D:2)
  A worm (D:2)
  6 orcs (D:3)
  An endoplasm (D:3)
  4 giant cockroaches
  4 goblins
  8 hobgoblins
  5 jackals (D:1)
  2 quokkas (D:1)
  10 ball pythons
  8 bats
  5 frilled lizards
  2 kobolds
  12 rats
73 creatures vanquished.

Notes
Turn   | Place    | Note
-------+----------+-------------------------------------------
     0 | D:1      | sneakypete the Ogre Gladiator began the quest for the Orb.
     0 | D:1      | Reached XP level 1. HP: 22/22 MP: 1/1
   159 | D:1      | Reached XP level 2. HP: 19/29 MP: 2/2
   571 | D:1      | Reached XP level 3. HP: 37/37 MP: 3/3
   679 | D:1      | Found a faded altar of an unknown god.
   761 | D:1      | Prayed at the altar of an unknown god.
   761 | D:1      | Became a worshipper of Dithmenos the Shadowed
   761 | D:1      | Reached * piety under Dithmenos
  2097 | D:2      | Reached skill level 4 in Axes
  2097 | D:2      | Reached XP level 4. HP: 43/45 MP: 4/4
  2098 | D:2      | Reached ** piety under Dithmenos
  2439 | D:3      | Identified the +1 ring mail of Negligence {Dex+3 SInv}
  2527 | D:3      | Found a shimmering altar of Xom.
  2552 | D:3      | Reached XP level 5. HP: 38/53 MP: 5/5
  2616 | D:3      | Reached skill level 5 in Axes
  2806 | D:3      | Found Byborr's Distillery.
  2913 | D:3      | Found a runed translucent door.
  3024 | D:3      | Noticed javelincjr's ghost (amateur DsGl)
  3050 | D:3      | Slain by javelincjr's ghost

Illustrated notes

Levels and vault maps discovered:
D:1:      minmay_arrival_up_and_down, layout_basic,
          ebering_ecumenical_altar_abandoned
D:2:      layout_basic
D:3:      layout_basic, grunt_temple_overflow_open, led_xom_imps, serial_shops,
          shop, ebering_ghost_sewer_f, minmay_misc_feat_plants, st_stairs_1,
          kennysheep_generic_room_9

Skill      XL: |  1  2  3  4  5 |
---------------+----------------+-----
Dodging        | 3 |  3.6
Fighting       | 3 |  3.9
Axes           | 4 5 |  5.1
Throwing       | |  2.0
Stealth        | |  0.3
Shields        | |  0.8

Action                   |  1- 3 |  4- 6 || total
-------------------------+-------+-------++-------
Melee: War axe           |   150 |    74 ||   224
       Punch             |     2 |     2 ||     4
  Use: Potion            |       |     2 ||     2
 Stab: Distracted        |     1 |       ||     1
Armor: Robe              |    61 |    17 ||    78
Dodge: Dodged            |   112 |    32 ||   144
Block: Other             |    19 |    10 ||    29
